[ PARTIDA AOE2 · #506542459 ]
UnrankedVikingos vs Dravidians
Equipo del jugador · DERR
Equipo rival · VICT
[ ANÁLISIS DE REPETICIÓN · EXTRAÍDO DE LA PARTIDA GRABADA ]
Feudal
11:22
Castillos
24:13
Imperial
—
| APM promedio | 42.9 |
| APM pico | 101 |
| eAPM promedio | 17.8 |
| Aldeanos / militares | 47 / 23 |
Foco
⚔️ 24.4% · 🌾 75.6%
Militia ×18 · Skirmisher ×3 · Monk ×1 · Mangonel ×1
Feudal
10:25
Castillos
20:44
Imperial
—
| APM promedio | 55.9 |
| APM pico | 86 |
| eAPM promedio | 26.3 |
| Aldeanos / militares | 74 / 38 |
Foco
⚔️ 27.0% · 🌾 73.0%
Archer ×25 · Militia ×3 · Mangonel ×3 · Battle Elephant ×3 · Elephant Archer ×2 · Scorpion ×1
Mapa de la partida
Recursos iniciales + cada clic de construcción. Líneas = muros · curvas = relieve. ◆ oro · ⬟ piedra · ● bayas · ✦ reliquia · ◌ hueco del cierre
Tu base· ✓ Cerrada en 24:13 · 50t muro · sin puerta
Base de 芝麻開門· Abierta — hueco de 3t
Terreno inicial suavizado · ◌ = hueco del cierre detectado · pasá el cursor para detalles
Inputs por minuto
— Duc Duong - - 芝麻開門
Build order — Duc Duong
Primeras 150 de 160 acciones detectadas
| 0:00 | Encolar | Villager (Male) |
| 0:00 | Encolar | Villager (Male) |
| 0:01 | Encolar | Villager (Male) |
| 0:02 | Construir | House |
| 0:03 | Construir | House |
| 0:11 | Encolar | Villager (Male) |
| 1:31 | Encolar | Villager (Male) |
| 1:31 | Encolar | Villager (Male) |
| 1:56 | Construir | Lumber Camp |
| 2:02 | Encolar | Villager (Male) |
| 2:03 | Encolar | Villager (Male) |
| 2:18 | Encolar | Villager (Male) |
| 2:57 | Encolar | Villager (Male) |
| 2:57 | Encolar | Villager (Male) |
| 3:28 | Encolar | Villager (Male) |
| 3:43 | Encolar | Villager (Male) |
| 3:58 | Encolar | Villager (Male) |
| 4:01 | Construir | House |
| 4:37 | Construir | House |
| 4:43 | Encolar | Villager (Male) |
| 4:46 | Encolar | Villager (Male) |
| 5:07 | Construir | Barracks |
| 5:40 | Encolar | Villager (Male) |
| 5:41 | Encolar | Villager (Male) |
| 5:41 | Encolar | Villager (Male) |
| 5:42 | Encolar | Villager (Male) |
| 6:04 | Encolar | Militia |
| 6:04 | Encolar | Militia |
| 6:32 | Encolar | Militia |
| 6:32 | Encolar | Militia |
| 7:06 | Encolar | Villager (Male) |
| 7:35 | Construir | Mill |
| 7:42 | Encolar | Villager (Male) |
| 7:49 | Construir | House |
| 7:52 | Construir | Palisade Wall |
| 8:55 | Construir | House |
| 8:56 | Construir | Palisade Wall |
| 8:58 | Construir | Palisade Wall |
| 9:12 | Investigar | Feudal Age |
| 9:19 | Construir | Mining Camp |
| 9:26 | Construir | Palisade Wall |
| 9:27 | Construir | Palisade Wall |
| 9:29 | Construir | Palisade Wall |
| 9:56 | Construir | Palisade Wall |
| 9:59 | Construir | Palisade Wall |
| 10:00 | Construir | Palisade Wall |
| 10:10 | Construir | Mill |
| 10:15 | Encolar | Militia |
| 10:15 | Encolar | Militia |
| 10:30 | Construir | Farm |
| 10:38 | Construir | Farm |
| 10:55 | Construir | Palisade Wall |
| 11:10 | Construir | Farm |
| 11:11 | Construir | Farm |
| 11:13 | Construir | Farm |
| 11:15 | Construir | Farm |
| 11:17 | Encolar | Militia |
| 11:22 | Edad | Edad Feudal |
| 11:54 | Investigar | Man-at-Arms (upgrade) |
| 11:54 | Investigar | Man-at-Arms (upgrade) |
| 12:18 | Encolar | Villager (Male) |
| 12:55 | Construir | Farm |
| 12:55 | Encolar | Villager (Male) |
| 12:56 | Encolar | Villager (Male) |
| 13:23 | Encolar | Villager (Male) |
| 13:27 | Construir | Archery Range |
| 13:30 | Encolar | Villager (Male) |
| 13:40 | Investigar | Loom |
| 13:40 | Investigar | Loom |
| 13:41 | Encolar | Villager (Male) |
| 13:41 | Encolar | Villager (Male) |
| 13:51 | Construir | Farm |
| 14:01 | Investigar | Arson |
| 14:17 | Construir | Farm |
| 14:25 | Encolar | Militia |
| 14:28 | Encolar | Skirmisher |
| 14:29 | Encolar | Skirmisher |
| 14:32 | Construir | Farm |
| 14:55 | Construir | Blacksmith |
| 15:00 | Construir | House |
| 15:02 | Construir | Palisade Wall |
| 15:14 | Construir | Blacksmith |
| 15:25 | Encolar | Militia |
| 15:35 | Encolar | Skirmisher |
| 15:51 | Investigar | Padded Archer Armor |
| 15:52 | Encolar | Villager (Male) |
| 16:00 | Construir | Market |
| 16:17 | Construir | Mill |
| 16:37 | Encolar | Villager (Male) |
| 16:58 | Encolar | Villager (Male) |
| 17:09 | Construir | Palisade Wall |
| 17:22 | Construir | Farm |
| 17:23 | Construir | Farm |
| 17:24 | Encolar | Villager (Male) |
| 17:41 | Construir | House |
| 17:47 | Encolar | Militia |
| 17:48 | Encolar | Militia |
| 17:54 | Encolar | Villager (Male) |
| 17:56 | Encolar | Villager (Male) |
| 18:22 | Encolar | Villager (Male) |
| 18:40 | Construir | Barracks |
| 18:47 | Investigar | Forging |
| 18:50 | Construir | Farm |
| 18:51 | Encolar | Militia |
| 18:51 | Encolar | Militia |
| 18:57 | Construir | House |
| 18:59 | Construir | Palisade Wall |
| 19:24 | Construir | House |
| 19:50 | Encolar | Villager (Male) |
| 20:03 | Encolar | Villager (Male) |
| 20:13 | Encolar | Villager (Male) |
| 20:31 | Encolar | Villager (Male) |
| 20:34 | Construir | Farm |
| 20:35 | Construir | Farm |
| 21:33 | Investigar | Castle Age |
| 21:33 | Investigar | Castle Age |
| 21:36 | Construir | Farm |
| 21:38 | Construir | Farm |
| 21:38 | Construir | Farm |
| 22:00 | Construir | House |
| 22:01 | Construir | Palisade Wall |
| 22:24 | Encolar | Militia |
| 22:24 | Encolar | Militia |
| 22:25 | Encolar | Militia |
| 22:26 | Investigar | Double-Bit Axe |
| 22:54 | Construir | House |
| 23:05 | Investigar | Fletching |
| 23:05 | Investigar | Fletching |
| 23:07 | Investigar | Scale Mail Armor |
| 23:09 | Investigar | Gold Mining |
| 23:10 | Investigar | Gold Mining |
| 23:11 | Encolar | Villager (Male) |
| 23:53 | Construir | House |
| 23:54 | Construir | House |
| 24:13 | Edad | Edad de los Castillos |
| 24:14 | Investigar | Long Swordsman (upgrade) |
| 24:14 | Investigar | Long Swordsman (upgrade) |
| 24:16 | Investigar | Chain Mail Armor |
| 24:26 | Construir | Farm |
| 25:04 | Construir | House |
| 25:05 | Construir | House |
| 25:16 | Encolar | Villager (Male) |
| 25:27 | Investigar | Iron Casting |
| 25:27 | Investigar | Iron Casting |
| 25:29 | Encolar | Villager (Male) |
| 25:38 | Construir | Farm |
| 26:07 | Encolar | Militia |
| 26:07 | Encolar | Militia |
| 26:14 | Construir | Monastery |
| 26:41 | Construir | Market |
Build order — 芝麻開門
Primeras 150 de 215 acciones detectadas
| 0:00 | Encolar | Villager (Male) |
| 0:00 | Encolar | Villager (Male) |
| 0:01 | Encolar | Villager (Male) |
| 0:01 | Encolar | Villager (Male) |
| 0:02 | Construir | House |
| 0:04 | Construir | House |
| 1:25 | Encolar | Villager (Male) |
| 1:59 | Construir | Lumber Camp |
| 2:01 | Encolar | Villager (Male) |
| 2:07 | Encolar | Villager (Male) |
| 2:45 | Encolar | Villager (Male) |
| 3:01 | Encolar | Villager (Male) |
| 3:30 | Encolar | Villager (Male) |
| 4:05 | Construir | House |
| 4:12 | Encolar | Villager (Male) |
| 4:34 | Encolar | Villager (Male) |
| 4:42 | Construir | House |
| 4:55 | Encolar | Villager (Male) |
| 4:55 | Encolar | Villager (Male) |
| 5:15 | Construir | Barracks |
| 5:28 | Encolar | Villager (Male) |
| 5:41 | Encolar | Villager (Male) |
| 5:54 | Encolar | Villager (Male) |
| 6:14 | Encolar | Militia |
| 6:14 | Encolar | Militia |
| 6:20 | Encolar | Militia |
| 6:49 | Construir | Mill |
| 6:57 | Encolar | Villager (Male) |
| 7:34 | Encolar | Villager (Male) |
| 7:38 | Investigar | Loom |
| 7:55 | Construir | House |
| 8:15 | Investigar | Feudal Age |
| 9:08 | Construir | Mining Camp |
| 9:23 | Construir | House |
| 9:51 | Construir | Palisade Wall |
| 9:57 | Construir | Palisade Wall |
| 10:09 | Construir | House |
| 10:13 | Construir | Palisade Wall |
| 10:18 | Encolar | Villager (Male) |
| 10:23 | Construir | House |
| 10:25 | Encolar | Villager (Male) |
| 10:25 | Edad | Edad Feudal |
| 10:28 | Construir | Palisade Wall |
| 10:31 | Construir | Archery Range |
| 10:33 | Investigar | Double-Bit Axe |
| 10:47 | Encolar | Villager (Male) |
| 10:52 | Construir | Mill |
| 11:00 | Encolar | Villager (Male) |
| 11:09 | Investigar | Man-at-Arms (upgrade) |
| 11:10 | Encolar | Villager (Male) |
| 11:26 | Encolar | Villager (Male) |
| 11:28 | Encolar | Archer |
| 11:30 | Construir | Farm |
| 11:30 | Construir | Farm |
| 11:48 | Construir | Farm |
| 11:57 | Encolar | Villager (Male) |
| 11:59 | Encolar | Archer |
| 12:02 | Construir | House |
| 12:04 | Construir | Palisade Wall |
| 12:20 | Encolar | Archer |
| 12:25 | Encolar | Villager (Male) |
| 12:50 | Construir | House |
| 12:51 | Construir | Palisade Wall |
| 12:54 | Construir | Farm |
| 13:08 | Encolar | Archer |
| 13:11 | Construir | Palisade Wall |
| 13:23 | Encolar | Villager (Male) |
| 13:25 | Construir | Blacksmith |
| 13:28 | Encolar | Villager (Male) |
| 13:40 | Encolar | Villager (Male) |
| 13:43 | Construir | Farm |
| 13:44 | Construir | Farm |
| 13:47 | Construir | Farm |
| 13:51 | Encolar | Archer |
| 14:06 | Encolar | Villager (Male) |
| 14:06 | Encolar | Villager (Male) |
| 14:14 | Encolar | Villager (Male) |
| 14:15 | Construir | Farm |
| 14:22 | Encolar | Archer |
| 14:32 | Investigar | Fletching |
| 14:36 | Construir | House |
| 14:39 | Construir | House |
| 14:50 | Construir | Farm |
| 14:51 | Construir | Farm |
| 14:55 | Construir | House |
| 15:21 | Encolar | Villager (Male) |
| 15:29 | Construir | Farm |
| 15:31 | Construir | Farm |
| 15:40 | Encolar | Villager (Male) |
| 15:42 | Construir | Farm |
| 15:43 | Construir | Farm |
| 15:47 | Encolar | Archer |
| 15:52 | Encolar | Villager (Male) |
| 15:58 | Encolar | Archer |
| 16:32 | Encolar | Villager (Male) |
| 16:34 | Construir | Farm |
| 16:35 | Construir | Farm |
| 16:42 | Encolar | Villager (Male) |
| 16:52 | Construir | Stable |
| 17:08 | Construir | House |
| 17:08 | Construir | House |
| 17:16 | Encolar | Villager (Male) |
| 17:30 | Construir | Lumber Camp |
| 17:46 | Encolar | Archer |
| 17:49 | Encolar | Villager (Male) |
| 18:04 | Investigar | Castle Age |
| 18:04 | Investigar | Castle Age |
| 18:10 | Construir | House |
| 18:21 | Construir | Palisade Wall |
| 18:22 | Encolar | Scout Cavalry |
| 18:56 | Construir | House |
| 18:56 | Construir | House |
| 19:01 | Investigar | Padded Archer Armor |
| 19:33 | Construir | House |
| 19:33 | Construir | House |
| 20:33 | Construir | House |
| 20:34 | Construir | Farm |
| 20:44 | Edad | Edad de los Castillos |
| 20:47 | Investigar | Bodkin Arrow |
| 20:48 | Investigar | Crossbowman (upgrade) |
| 20:57 | Encolar | Villager (Male) |
| 20:57 | Encolar | Villager (Male) |
| 21:01 | Encolar | Villager (Male) |
| 21:02 | Construir | Farm |
| 21:03 | Construir | Farm |
| 21:10 | Encolar | Villager (Male) |
| 21:14 | Construir | Archery Range |
| 21:15 | Construir | Archery Range |
| 21:19 | Encolar | Villager (Male) |
| 21:21 | Construir | Town Center |
| 21:35 | Encolar | Villager (Male) |
| 21:41 | Encolar | Villager (Male) |
| 21:49 | Encolar | Battle Elephant |
| 21:49 | Encolar | Battle Elephant |
| 21:59 | Construir | House |
| 22:00 | Construir | House |
| 22:05 | Investigar | Bow Saw |
| 22:10 | Encolar | Archer |
| 22:15 | Encolar | Villager (Male) |
| 22:30 | Construir | Siege Workshop |
| 22:36 | Encolar | Archer |
| 23:00 | Encolar | Archer |
| 23:04 | Encolar | Villager (Male) |
| 23:06 | Investigar | Wheelbarrow |
| 23:10 | Construir | Farm |
| 23:18 | Construir | Town Center |
| 23:27 | Encolar | Battle Elephant |
| 23:32 | Encolar | Villager (Male) |
| 24:02 | Encolar | Villager (Male) |
| 24:06 | Encolar | Mangonel |
Cronología de la partida
| 5:07 | Duc Duong · first_building Barracks |
| 5:15 | 芝麻開門 · first_building Barracks |
| 7:52 | Duc Duong · wall_segment Palisade Wall x7 |
| 8:56 | Duc Duong · wall_segment Palisade Wall x1 |
| 8:58 | Duc Duong · wall_segment Palisade Wall x1 |
| 9:26 | Duc Duong · wall_segment Palisade Wall x1 |
| 9:27 | Duc Duong · wall_segment Palisade Wall x1 |
| 9:29 | Duc Duong · wall_segment Palisade Wall x1 |
| 9:51 | 芝麻開門 · wall_segment Palisade Wall x1 |
| 9:56 | Duc Duong · wall_segment Palisade Wall x1 |
| 9:57 | 芝麻開門 · wall_segment Palisade Wall x1 |
| 9:59 | Duc Duong · wall_segment Palisade Wall x1 |
| 10:00 | Duc Duong · wall_segment Palisade Wall x1 |
| 10:13 | 芝麻開門 · wall_segment Palisade Wall x1 |
| 10:25 | 芝麻開門 · age_up feudal |
| 10:28 | 芝麻開門 · wall_segment Palisade Wall x1 |
| 10:31 | 芝麻開門 · first_building Archery Range |
| 10:55 | Duc Duong · wall_segment Palisade Wall x1 |
| 11:22 | Duc Duong · age_up feudal |
| 12:04 | 芝麻開門 · wall_segment Palisade Wall x4 |
| 12:51 | 芝麻開門 · wall_segment Palisade Wall x1 |
| 13:11 | 芝麻開門 · wall_segment Palisade Wall x1 |
| 13:27 | Duc Duong · first_building Archery Range |
| 15:02 | Duc Duong · wall_segment Palisade Wall x10 |
| 16:52 | 芝麻開門 · first_building Stable |
| 17:09 | Duc Duong · wall_segment Palisade Wall x16 |
| 18:21 | 芝麻開門 · wall_segment Palisade Wall x7 |
| 18:59 | Duc Duong · wall_segment Palisade Wall x7 |
| 20:44 | 芝麻開門 · age_up castle |
| 20:50 | Duc Duong · first_market_sell 100 stone |
| 22:01 | Duc Duong · wall_segment Palisade Wall x1 |
| 22:30 | 芝麻開門 · first_building Siege Workshop |
| 24:13 | Duc Duong · age_up castle |
| 26:14 | Duc Duong · first_building Monastery |
| 26:51 | 芝麻開門 · wall_segment Palisade Wall x1 |
| 27:15 | 芝麻開門 · wall_segment Stone Wall x1 |
| 27:18 | Duc Duong · first_building Siege Workshop |
| 29:47 | Duc Duong · resign |
[ ANÁLISIS IA · 1 CRÉDITO ]
¿Qué pasó realmente en esta partida?
Wolo.gg analiza cada decisión: build order, eco, micro, errores típicos por bracket. Análisis personalizado por WhatsApp o Discord en 30 segundos.
Guía civ
Vikingos
Perfil
Jugador #4844045